 Dungeon Crawl Stone Soup version 0.31-a0-631-g285b096dc4 (webtiles) character file.

Game seed: 12867330256493403259

112 Dittersdorf the Shield-Bearer (level 4, 0/29 HPs)
             Began as a Gargoyle Fighter on Aug 25, 2023.
             Slain by Grinder (2 damage)
             ... on level 2 of the Dungeon.
             The game lasted 00:02:25 (1689 turns).

Dittersdorf the Shield-Bearer (Gargoyle Fighter)    Turns: 1689, Time: 00:02:25

Health: 0/29       AC: 14    Str: 21    XL:     4   Next: 93%
Magic:  4/4        EV: 10    Int:  9    God:
Gold:   41         SH:  4    Dex:  9    Spells: 3/3 levels left

rFire   . . .        a - +0 flail
rCold   . . .        c - +0 buckler
rNeg    + . .        l - +4 ring mail
rPois   ∞            (no helmet)
rElec   +            (no cloak)
rCorr   .            j - +0 pair of gloves
SInv    .            (no boots)
Will    .....        (no amulet) Stlth
                     (no ring)
HPRegen 0.24/turn    (no ring)
MPRegen 0.09/turn

%: no passive effects
@: no status effects
A: sickness immunity, AC +3, negative energy resistance 1, electricity
resistance, torment resistance 1, petrification resistance
a: no special abilities


You were on level 2 of the Dungeon.
You visited 1 branch of the dungeon, and saw 3 of its levels.

You collected 41 gold pieces.

Inventory:

Hand Weapons
 a - a +0 flail (weapon)
Armour
 c - a +0 buckler (worn)
 j - a +0 pair of gloves (worn)
 l - a +4 ring mail (worn)
Scrolls
 g - 2 scrolls of vulnerability {unknown}
 h - 2 scrolls of teleportation {unknown}
 i - 3 scrolls of identify {unknown}
 k - a scroll of enchant weapon {unknown}
 n - a scroll of blinking {unknown}
 o - a scroll of enchant armour {unknown}
Potions
 b - a potion of curing {unknown}
 d - a potion of might
 f - a potion of invisibility {unknown}
 m - a potion of brilliance {unknown}
 p - a potion of lignification {unknown}


   Skills:
 + Level 4.1 Fighting
 + Level 2.9 Maces & Flails
 + Level 4.1 Armour
 + Level 4.1 Shields


You had 3 spell levels left.
You didn't know any spells.
Your spell library contained the following spells:

 Spells                   Type           Power      Damage    Failure   Level
 Magic Dart               Conj           0%         1d3       63%         1
 Searing Ray              Conj           0%         2d4       77%         2
 Fulminant Prism          Conj/Hex       0%         3d5       100%        4


Dungeon Overview and Level Annotations

Branches:
Dungeon (3/15)

Altars:
Zin

Annotations:
D:2 Grinder
D:3 1 runed translucent door, Crazy Yiuf


Innate Abilities, Weirdness & Mutations

You are immune to sickness and miasma.
Your stone body is resilient. (AC +3)
You are immune to poison.
You resist negative energy. (rN+)
You are resistant to electric shocks. (rElec)
You are resistant to unholy torment.
You are immune to petrification.


Message History

Grinder is heavily wounded.
You block Grinder's attack.
You closely miss Grinder.
Grinder is heavily wounded.
Grinder gestures at you. Pain shoots through your body!
You hit Grinder.
Grinder is heavily wounded.
Grinder barely misses you. Grinder gestures at you.
Pain shoots through your body!
* * * LOW HITPOINT WARNING * * *
You hit Grinder.
Grinder is severely wounded.
You block Grinder's attack.
You hit Grinder but do no damage.
Grinder is severely wounded.
You block Grinder's attack.
You hit Grinder but do no damage.
Grinder is severely wounded.
Grinder hits you.
* * * LOW HITPOINT WARNING * * *
You writhe in agony.
* * * LOW HITPOINT WARNING * * *
You hit Grinder.
Grinder is severely wounded.
Grinder gestures at you. You resist with significant effort.
Grinder says, "FISH!"
Grinder barely misses you.
You hit Grinder but do no damage.
Grinder is severely wounded.
Grinder hits you but does no damage.
You hit Grinder.
Grinder is almost dead.
Grinder hits you.
* * * LOW HITPOINT WARNING * * *
You writhe in agony.
You die...
Grinder says, "Now the real fun starts!"

##############
##.............
#..############
#.## ##.###########
###..#.........#
##†..##.........#
#>@5.##.........#
#)##(##.........#
#....##.........#
#..##..<........#
###..#............#
#.......#.........#
#......###'########
#......##.........#
#.................#


You could see Grinder.

Vanquished Creatures
  Terence (D:3)
  2 adders
  2 worms (D:2)
  A dart slug (D:2)
  An orc (D:3)
  5 ball pythons
  5 endoplasms
  2 giant cockroaches
  6 goblins
  3 hobgoblins
  4 jackals (D:2)
  2 kobolds
  6 quokkas
  7 bats
  5 frilled lizards
  2 rats (D:3)
54 creatures vanquished.

Notes
Turn   | Place    | Note
-------+----------+-------------------------------------------
     0 | D:1      | Dittersdorf the Gargoyle Fighter began the quest for the
                  | Orb.
     0 | D:1      | Reached XP level 1. HP: 14/14 MP: 1/1
    81 | D:1      | Reached XP level 2. HP: 19/19 MP: 2/2
   176 | D:1      | Found a faded altar of an unknown god.
   615 | D:2      | Reached XP level 3. HP: 17/23 MP: 3/3
  1228 | D:3      | Reached XP level 4. HP: 29/29 MP: 4/4
  1278 | D:3      | Found a runed translucent door.
  1279 | D:3      | Noticed Crazy Yiuf
  1339 | D:3      | Noticed Terence
  1357 | D:3      | Killed Terence
  1445 | D:3      | Found a glowing silver altar of Zin.
  1475 | D:3      | Noticed Grinder
  1653 | D:3      | Paralysed by Grinder for 4 turns
  1661 | D:3      | Paralysed by Grinder for 5 turns
  1676 | D:2      | Paralysed by Grinder for 5 turns
  1689 | D:2      | Slain by Grinder

Illustrated notes

Levels and vault maps discovered:
D:1:      minmay_arrival_four_circles, layout_basic,
          ebering_ecumenical_altar_abandoned, grunt_decor_mini_mirrors
D:2:      layout_basic, kennysheep_nub
D:3:      layout_rooms, zin_treasury, uniq_grinder, uniq_crazy_yiuf_cottage,
          uniq_terence

Skill      XL: |  1  2  3  4 |
---------------+-------------+-----
Fighting       | 4 |  4.1
Armour         | 4 |  4.1
Shields        | 4 |  4.1
Maces & Flails | |  2.9

Action                     |  1- 3 |  4- 6 || total
---------------------------+-------+-------++-------
  Melee: Flail             |   184 |    68 ||   252
  Throw: Dart              |       |     7 ||     7
 Armour: Scale mail        |    43 |       ||    43
         Ring mail         |    81 |   111 ||   192
  Dodge: Dodged            |   102 |    82 ||   184
  Block: Buckler           |    48 |    40 ||    88

Table legend: (Time is in decaauts)
 A = Elapsed time spent in this place.
 B = Non-inter-level travel time spent in this place.
 C = Inter-level travel time spent in this place.
 D = Time resting spent in this place.
 E = Time spent auto-exploring this place.
 F = Levels seen in this place.
 G = Mean time per level.
                   A        B        C        D        E       F      G
               +--------+--------+--------+--------+--------+-----+--------+
         Total |   1770 |   1715 |     55 |    184 |    939 |   3 |  590.0 |
       Dungeon |   1770 |   1715 |     55 |    184 |    939 |   3 |  590.0 |
               +--------+--------+--------+--------+--------+-----+--------+

Top non-repeatable levels by time:
     D:2: 813 daAuts
     D:1: 591 daAuts
     D:3: 365 daAuts
